 Dungeon Crawl Stone Soup version 0.23-a0-671-g42e8185 (webtiles) character file.

2648 fooot the Zephyrmancer (level 9, -3/55 HPs)
             Began as a Tengu Air Elementalist on Jan 8, 2019.
             Was a Follower of Vehumet.
             Slain by a wolf (10 damage)
             ... led by Grum
             ... on level 8 of the Dungeon.
             The game lasted 00:15:37 (7669 turns).

fooot the Zephyrmancer (Tengu Air Elementalist)     Turns: 7669, Time: 00:15:38

Health: -3/55      AC:  3    Str:  9    XL:     9   Next: 62%
Magic:  6/15       EV: 13    Int: 18    God:    Vehumet [*.....]
Gold:   117        SH:  0    Dex: 15    Spells: 5/15 levels left

rFire    . . .     SeeInvis .   a - +2 falchion (elec)
rCold    . . .     Gourm    .   (no shield)
rNeg     . . .     Faith    .   l - +0 robe
rPois    .         Spirit   .   (helmet restricted)
rElec    .         Reflect  .   q - +0 cloak
rCorr    .         Harm     .   (no gloves)
MR       .....                  (boots unavailable)
Stlth    +++.......             (no amulet)
HPRegen  0.18/turn              v - ring of stealth
MPRegen  0.14/turn              (no ring)

@: no status effects
A: beak, talons 3, able to fly 1
a: Fly, Renounce Religion


You were on level 8 of the Dungeon.
You worshipped Vehumet.
Vehumet was aware of your devotion.
You were very hungry.

You visited 2 branches of the dungeon, and saw 9 of its levels.

You collected 369 gold pieces.
You spent 252 gold pieces at shops.

Inventory:

Hand Weapons
 a - a +2 falchion of electrocution (weapon)
 A - a +0 blowgun
Missiles
 D - 2 needles of frenzy
Armour
 l - a +0 robe (worn)
 q - a +0 cloak (worn)
Jewellery
 v - a ring of stealth (left hand)
Wands
 k - a wand of iceblast (4)
 y - a wand of flame (16)
Scrolls
 b - a scroll of silence {unknown}
 d - 8 scrolls of enchant armour
 e - 4 scrolls of blinking
 g - a scroll of enchant weapon
 h - 2 scrolls of magic mapping {unknown}
 m - 3 scrolls of teleportation
 n - a scroll of fog {unknown}
 o - 3 scrolls of remove curse
 t - a scroll of noise {unknown}
 u - 2 scrolls of fear {unknown}
 w - a scroll of random uselessness {unknown}
Potions
 f - a potion of brilliance
 i - 6 potions of curing
 j - 2 potions of might
 p - a potion of cancellation
 r - a potion of ambrosia
 s - 2 potions of lignification
 x - a potion of heal wounds
 z - a potion of haste {unknown}
 B - a potion of invisibility
 C - a potion of berserk rage
 E - a potion of magic {unknown}
 F - a potion of mutation {unknown}
Comestibles
 c - 16 rations


   Skills:
 + Level 5.9 Fighting
 - Level 2.1 Dodging
 - Level 2.0 Stealth
 + Level 3.8 Spellcasting
 + Level 8.1 Conjurations
 * Level 11.8 Air Magic


You had 5 spell levels left.
You knew the following spells:

 Your Spells              Type           Power        Failure   Level  Hunger
a - Shock                 Conj/Air       ####         1%          1    None
b - Static Discharge      Conj/Air       #####...     1%          3    ###....
c - Airstrike             Air            #####.....   1%          4    ####...
B - Swiftness             Chrm/Air       ###.....     1%          2    ##.....

Your spell library contained the following spells:

 Spells                   Type           Power        Failure   Level  Hunger
 Flame Tongue             Conj/Fire      ###..        2%          1    None
 Lightning Bolt           Conj/Air       #####.....   7%          5    ######.
 Animate Skeleton         Necr           N/A          16%         1    None
 Apportation              Tloc           #.....       16%         1    None
 Confusing Touch          Hex            #.....       16%         1    None
 Summon Small Mammal      Summ           #...         16%         1    None


Dungeon Overview and Level Annotations

Branches:
Dungeon (8/15)             Temple (1/1) D:4
   Lair: D:8-11

Altars:
Ashenzari
Cheibriados
Dithmenos
Elyvilon
Fedhas
Gozag
Hepliaklqana
Kikubaaqudgha
Makhleb
Nemelex Xobeh
Okawaru
Qazlal
Ru
Sif Muna
Trog
Uskayaw
Vehumet
Wu Jian
Xom
Yredelemnul
Zin
The Shining One

Shops:
D:5 *   D:6 !


Innate Abilities, Weirdness & Mutations

You have a beak for a mouth.
You have claws for feet.
You can fly.


Message History

The wolf howls!
You hear an angry buzzing noise.
Grum hits you from afar with a -2 halberd!
* * * LOW HITPOINT WARNING * * *
Casting: Shock (safe; 1% risk of failure)
Confirm with . or Enter, or press ? or * to list all spells.
Aiming: Shock (safe; 1% risk of failure)
Press: ? - help, Shift-Dir - straight line The zap hits Grum.
Grum is almost dead.
The zap hits Grum.
Grum is almost dead.
Casting: Shock (safe; 1% risk of failure)
Confirm with . or Enter, or press ? or * to list all spells.
Aiming: Shock (safe; 1% risk of failure)
Press: ? - help, Shift-Dir - straight line The zap misses Grum.
The zap hits Grum.
You kill Grum!
Vehumet accepts your kill. The wolf bites you!
You die...

#.......... .......
#.....#######...#
#.....#....h'...#
#######.....#.#####..[#
#.....รท.....#.# #...#
#...........#.# #...#
#........##h#)### #...#
............h....###...#
############@#.........######
#.#....##.........
#.#.....#...######
#.#...#.#......#
#.+...#....###.#
###...##.......#
######...##.#.#####
#........##...#
#........###..#


You could see 2 wolves.

Vanquished Creatures
  A gargoyle (D:7)
  A hippogriff (D:7)
  Grum (D:8)
  A water moccasin (D:7)
  A black bear (D:6)
  2 ice beasts
  3 sky beasts
  A wolf (D:8)
  2 phantoms
  2 ogres
  A bullfrog (D:6)
  2 scorpions
  2 crimson imps (D:5)
  A jelly (D:6)
  3 hounds (D:7)
  An orc priest (D:5)
  A centaur skeleton (D:4)
  2 worker ants (D:5)
  3 iguanas (D:5)
  3 orc wizards
  A killer bee zombie (D:5)
  2 hound zombies
  A hound skeleton (D:5)
  A worker ant zombie (D:7)
  4 gnolls (D:7)
  9 adders
  A howler monkey skeleton (D:7)
  2 shadow imps
  An ooze (D:5)
  2 adder skeletons
  An adder zombie (D:7)
  A worm (D:4)
  6 leopard geckos
  20 orcs
  A ball python (D:1)
  6 giant cockroaches
  7 goblins
  3 hobgoblins
  10 jackals
  A quokka (D:6)
  6 bats
  5 frilled lizards
  6 kobolds
  A quokka skeleton (D:7)
  4 rats
136 creatures vanquished.

Notes
Turn   | Place    | Note
-------+----------+-------------------------------------------
     0 | D:1      | fooot the Tengu Air Elementalist began the quest for the
                  | Orb.
     0 | D:1      | Reached XP level 1. HP: 10/10 MP: 4/4
   175 | D:1      | Reached XP level 2. HP: 16/16 MP: 0/6
   598 | D:1      | Reached skill level 1 in Fighting
   706 | D:2      | Reached XP level 3. HP: 20/20 MP: 5/7
   728 | D:2      | Found a glowing silver altar of Zin.
  1053 | D:2      | Reached skill level 5 in Air Magic
  1452 | D:2      | Found an ancient bone altar of Kikubaaqudgha.
  1457 | D:2      | Found an iron altar of Okawaru.
  1681 | D:3      | Reached XP level 4. HP: 19/25 MP: 3/8
  1686 | D:3      | Learned a level 3 spell: Static Discharge
  1755 | D:3      | Found an ancient bone altar of Kikubaaqudgha.
  1755 | D:3      | Noticed a human
  2168 | D:4      | Noticed an ogre
  2203 | D:4      | Killed an ogre
  2203 | D:4      | Reached skill level 6 in Air Magic
  2203 | D:4      | Gained mutation: You can fly. [Tengu growth]
  2203 | D:4      | Reached XP level 5. HP: 12/30 MP: 3/9
  2501 | D:4      | Learned a level 4 spell: Airstrike
  2868 | D:4      | Found a staircase to the Ecumenical Temple.
  3098 | Temple   | Entered the Ecumenical Temple
  3309 | D:3      | Reached XP level 6. HP: 33/36 MP: 7/10
  3576 | D:3      | Found a glowing golden altar of the Shining One.
  3676 | D:5      | Entered Level 5 of the Dungeon
  3705 | D:5      | Reached skill level 7 in Air Magic
  3772 | D:5      | Found a white marble altar of Elyvilon.
  3817 | D:5      | Found Urphuklep's Assorted Antiques.
  3825 | D:5      | Bought a scroll labeled RICO SUFURE for 24 gold pieces
  3825 | D:5      | Bought a scroll labeled WIESOE ENACU for 24 gold pieces
  3988 | D:5      | Reached XP level 7. HP: 41/41 MP: 3/11
  3992 | D:5      | Learned a level 2 spell: Swiftness
  4184 | D:4      | Reached skill level 5 in Conjurations
  4184 | D:4      | Reached skill level 8 in Air Magic
  4849 | D:5      | Found a shimmering altar of Xom.
  4853 | D:5      | Reached skill level 9 in Air Magic
  4920 | D:5      | Found a burning altar of Makhleb.
  4974 | D:6      | Reached XP level 8. HP: 48/48 MP: 8/12
  5161 | D:6      | Found a sacrificial altar of Ru.
  5412 | D:6      | Reached skill level 10 in Air Magic
  5520 | D:6      | Found Cuobem's Distillery.
  5528 | D:6      | Bought a potion of degeneration for 12 gold pieces
  5528 | D:6      | Bought a potion of invisibility for 96 gold pieces
  5528 | D:6      | Bought a potion of berserk rage for 60 gold pieces
  5528 | D:6      | Bought a potion of flight for 36 gold pieces
  5945 | D:7      | Noticed a gargoyle
  5947 | D:7      | Noticed a hippogriff
  6140 | D:7      | Found a radiant altar of Vehumet.
  6143 | D:7      | Became a worshipper of Vehumet
  6227 | D:7      | Killed a gargoyle
  6227 | D:7      | Reached skill level 5 in Fighting
  6227 | D:7      | Reached XP level 9. HP: 54/54 MP: 0/14
  6351 | D:7      | Reached skill level 11 in Air Magic
  6969 | D:7      | Reached * piety under Vehumet
  6969 | D:7      | Offered knowledge of Flame Tongue by Vehumet.
  7647 | D:8      | Noticed Grum
  7668 | D:8      | Killed Grum
  7669 | D:8      | Slain by a wolf

Vault maps used:
D:1:      psy_arrival_terrarium, st_stairs_12
D:2:      nicolae_overflow_crystal_walls, minitemple, kennysheep_generic_room_14
D:3:      lemuel_doored_altar, kennysheep_minor_cross, tgw_kikubaaqudgha
D:4:      minmay_temple_entry_drinking_statues, first_ration
D:5:      elyvilon_altar_3, grunt_temple_overflow_champion_of_chaos,
          serial_shops, nicolae_shop_stone
D:6:      nicolae_ru_great_annihilating_truth, serial_shops, shop,
          minmay_crystal_water
D:7:      kennysheep_mini_moat
D:8:      uniq_harold, uniq_grum
Temple:   nicolae_temple_god_jail

Skill      XL: |  1  2  3  4  5  6  7  8  9 |
---------------+----------------------------+-----
Conjurations   | 2 3 4 5 7 8 |  8.1
Fighting       | 1 2 3 4 5 |  5.9
Air Magic      | 5 6 7 9 10 11 | 11.8
Spellcasting   | 3 |  3.8
Dodging        | |  2.1
Stealth        | |  2.0

Action                   |  1- 3 |  4- 6 |  7- 9 || total
-------------------------+-------+-------+-------++-------
Melee: Dagger            |     5 |     4 |       ||     9
       Kick              |     1 |     3 |    18 ||    22
       Falchion          |       |    12 |    62 ||    74
       Peck              |       |     2 |     8 ||    10
 Cast: Shock             |    66 |    95 |   148 ||   309
       Airstrike         |       |       |    15 ||    15
       Static Discharge  |       |       |     4 ||     4
Evoke: Wand              |       |       |     5 ||     5
  Use: Scroll            |       |     9 |     4 ||    13
 Stab: Sleeping          |       |       |     3 ||     3
  Eat: Chunk             |     3 |     9 |    15 ||    27
Armor: Robe              |     1 |     3 |    14 ||    18
Dodge: Dodged            |     5 |    19 |    58 ||    82
       Rpst.: Falchion   |       |     5 |    18 ||    23

Table legend:
 A = Non-vault XP
 B = Vault XP
 C = Vault XP percentage of total XP
 D = Non-vault monster count
 E = Vault monster count
 F = Vault count percentage of total count
                 A         B        C        D         E       F
            +---------+---------+-------+---------+---------+-------
      Total |    3377 |     406 |  10.7 |     126 |      10 |   7.4
            +---------+---------+-------+---------+---------+-------
        D:1 |      30 |       3 |   9.1 |      18 |       2 |  10.0
        D:2 |      27 |       2 |   6.9 |      10 |       1 |   9.1
        D:3 |      96 |       0 |   0.0 |      13 |       0 |   0.0
        D:4 |     324 |       0 |   0.0 |       9 |       0 |   0.0
        D:5 |     781 |      50 |   6.0 |      31 |       1 |   3.1
        D:6 |     711 |      48 |   6.3 |      21 |       4 |  16.0
        D:7 |    1384 |       0 |   0.0 |      22 |       0 |   0.0
        D:8 |      24 |     303 |  92.7 |       2 |       2 |  50.0
            +---------+---------+-------+---------+---------+-------
